 Dungeon Crawl Stone Soup version 0.31-a0-692-gf03d1854d5 (webtiles) character file.

Game seed: 15095628974785693985

86 qw the Shooter (level 4, 0/28 HPs)
             Began as a Gargoyle Hunter on Sept 6, 2023.
             Slain by Pargi (2 damage)
             ... on level 3 of the Dungeon.
             The game lasted 00:00:38 (1462 turns).

qw the Shooter (Gargoyle Hunter)                    Turns: 1462, Time: 00:00:39

Health: 0/28       AC:  9    Str: 14    XL:     4   Next: 49%
Magic:  4/4        EV: 10    Int: 10    God:
Gold:   115        SH:  0    Dex: 15    Spells: 3/3 levels left

rFire   . . .        Y - +0 shortbow
rCold   . . .        (shield currently unavailable)
rNeg    + . .        d - +0 ring mail
rPois   inf          (no helmet)
rElec   +            b - +0 cloak
rCorr   .            (no gloves)
SInv    .            (no boots)
Will    .....        (no amulet)
Stlth   +            (no ring)
HPRegen 0.24/turn    (no ring)
MPRegen 0.09/turn

%: no passive effects
@: no status effects
A: sickness immunity, AC +3, negative energy resistance 1, electricity
resistance, torment resistance 1, petrification resistance
a: no special abilities


You were on level 3 of the Dungeon.
You visited 1 branch of the dungeon, and saw 3 of its levels.

You collected 115 gold pieces.


Innate Abilities, Weirdness & Mutations

You are immune to sickness and miasma.
Your stone body is resilient. (AC +3)
You are immune to poison.
You resist negative energy. (rN+)
You are resistant to electric shocks. (rElec)
You are resistant to unholy torment.
You are immune to petrification.


   Skills:
 - Level 3.0 Fighting
 - Level 5.4 Ranged Weapons
 + Level 0.4 Armour
 - Level 1.5 Dodging
 - Level 1.1 Stealth


You had 3 spell levels left.
You didn't know any spells.
Your spell library was empty.

Inventory:

Hand Weapons
 Y - a +0 shortbow (weapon)
Armour
 b - a +0 cloak (worn)
 d - a +0 ring mail (worn)
Potions
 a - a potion of curing {unknown}
 f - 2 potions of heal wounds {unknown}

Dungeon Overview and Level Annotations

Branches:
Dungeon (3/15)

Altars:

Annotations:
D:3 Pargi


Message History

Pargi is severely wounded.
Pargi bites you but does no damage. Pargi claws you but does no damage.
Pargi claws you.
You shoot an arrow. The arrow closely misses Pargi.
Pargi barely misses you. Pargi closely misses you.
Pargi claws you but does no damage. Pargi completely misses you.
Pargi claws you but does no damage. x2
You shoot an arrow. The arrow hits Pargi!
Pargi is severely wounded.
Pargi bites you. Pargi closely misses you. Pargi misses you.
You shoot an arrow. The arrow barely misses Pargi.
Pargi bites you but does no damage. Pargi claws you but does no damage. x2
You shoot an arrow. The arrow hits Pargi.
Pargi is severely wounded.
Pargi barely misses you. Pargi claws you but does no damage. x2
You shoot an arrow. The arrow closely misses Pargi.
Pargi barely misses you. Pargi claws you but does no damage. x2
You shoot an arrow. The arrow hits Pargi.
Pargi is severely wounded.
Pargi closely misses you. Pargi misses you. Pargi closely misses you. x2
Pargi claws you but does no damage. Pargi barely misses you.
You shoot an arrow. The arrow barely misses Pargi.
Pargi bites you. Pargi closely misses you. Pargi barely misses you.
You shoot an arrow. The arrow closely misses Pargi.
Pargi bites you but does no damage. Pargi claws you but does no damage. x2
You shoot an arrow. The arrow hits Pargi.
Pargi is severely wounded.
Pargi bites you. Pargi barely misses you. Pargi claws you.
Pargi bites you but does no damage. Pargi claws you but does no damage.
Pargi barely misses you.
You shoot an arrow. The arrow hits Pargi.
Pargi is severely wounded.
Pargi barely misses you. x3
You shoot an arrow. The arrow barely misses Pargi.
Pargi bites you but does no damage. Pargi barely misses you.
Pargi completely misses you.
You shoot an arrow. The arrow closely misses Pargi.
Pargi snarls, "Go!
Away!"
Pargi barely misses you. Pargi claws you.
You die...

. .. ...
.... .....
###......
#@T......
#.#.#......
#.#.# ...#.
#.#.# #.#
#.#.# ..
#.#.# .
#.#.#
#.######.#.#
#........#.#
#


You could see Pargi.

Vanquished Creatures
  3 adders (D:2)
  4 dart slugs
  5 ball pythons
  2 endoplasms
  A giant cockroach (D:2)
  2 goblins
  4 hobgoblins
  5 jackals (D:1)
  8 kobolds
  2 quokkas
  5 bats
  4 frilled lizards
  6 rats
51 creatures vanquished.

Notes
Turn   | Place    | Note
-------+----------+-------------------------------------------
     0 | D:1      | qw the Gargoyle Hunter began the quest for the Orb.
     0 | D:1      | Reached XP level 1. HP: 12/12 MP: 1/1
     0 | D:1      | 0 ||| qw: Version: 0.3-a-76-g4403597
     0 | D:1      | 0 ||| qw: Game counter: 308
     0 | D:1      | 0 ||| qw: Melee chars always use a shield: true
     0 | D:1      | 0 ||| qw: God list: Okawaru
     0 | D:1      | 0 ||| qw: Allow faded altars: false
     0 | D:1      | 0 ||| qw: Do Orc after clearing Dungeon:15 true
     0 | D:1      | 0 ||| qw: Do second Lair branch before Depths: true
     0 | D:1      | 0 ||| qw: Lair rune preference: random
     0 | D:1      | 0 ||| qw: Goals: Normal
     0 | D:1      | 0 ||| PLANNING D:1-11
    65 | D:1      | Reached XP level 2. HP: 15/17 MP: 2/2
   274 | D:1      | Reached XP level 3. HP: 21/21 MP: 3/3
   458 | D:1      | Reached skill level 5 in Ranged Weapons
   712 | D:1      | 712 ||| READING scroll labelled LUZADU KU YRE.
   713 | D:1      | 713 ||| READING scroll labelled UFEMEA UNICA.
   714 | D:1      | 714 ||| READING scroll labelled QEAFOO ZAYKU.
   715 | D:1      | 715 ||| READING scroll labelled NEETAU NIVADD.
   716 | D:1      | 716 ||| READING scroll labelled ONNANAXYDO.
   717 | D:1      | 717 ||| READING scroll labelled ROVVAF EFRATUG.
   718 | D:1      | 718 ||| DROPPING scroll of butterflies.
   841 | D:2      | Found a faded altar of an unknown god.
   874 | D:2      | Reached skill level 3 in Fighting
   920 | D:2      | Reached XP level 4. HP: 28/28 MP: 4/4
  1334 | D:2      | 1334 ||| UPGRADING to +0 cloak.
  1339 | D:2      | 1339 ||| UPGRADING to +0 ring mail.
  1349 | D:2      | 1349 ||| DROPPING +0 leather armour.
  1350 | D:2      | 1350 ||| READING scroll labelled GECHEFFIRAO.
  1429 | D:3      | Noticed Pargi
  1457 | D:3      | HP: 4/28 [Pargi (5)]
  1459 | D:3      | HP: 1/28 [Pargi (2)]
  1462 | D:3      | Slain by Pargi

Levels and vault maps discovered:
D:1:      lemuel_arrival_room, layout_loops_ring, moated_statue
D:2:      layout_loops_ring, hellmonk_ecumenical_altar_prayer_group
D:3:      layout_basic, minmay_joined_circles, uniq_pargi

Skill      XL: |  1  2  3 |
---------------+----------+-----
Ranged Weapons | 5 |  5.4
Fighting       | 3 |  3.0
Armour         | |  0.4
Dodging        | |  1.5
Stealth        | |  1.1

Action                     |  1- 3 |  4- 6 || total
---------------------------+-------+-------++-------
   Fire: Shortbow          |   107 |    67 ||   174
    Use: Scroll            |     6 |     1 ||     7
 Armour: Leather armour    |    12 |     3 ||    15
         Ring mail         |       |    68 ||    68
  Dodge: Dodged            |    33 |    56 ||    89

Table legend:
 A = Non-vault XP
 B = Vault XP
 C = Vault XP percentage of total XP
 D = Non-vault monster count
 E = Vault monster count
 F = Vault count percentage of total count
                 A         B        C        D         E       F
            +---------+---------+-------+---------+---------+-------
      Total |     120 |       3 |   2.4 |      49 |       2 |   3.9
            +---------+---------+-------+---------+---------+-------
        D:1 |      47 |       0 |   0.0 |      27 |       0 |   0.0
        D:2 |      66 |       3 |   4.3 |      19 |       2 |   9.5
        D:3 |       7 |       0 |   0.0 |       3 |       0 |   0.0
            +---------+---------+-------+---------+---------+-------
